 Dungeon Crawl Stone Soup version 0.28.0 (webtiles) character file.

Game seed: 7908339721081729104

186051 RepHenryClay the Spry (level 19, -12/138 HPs)
             Began as a Djinni Fire Elementalist on Feb 11, 2022.
             Was the Champion of Makhleb.
             Killed from afar by a shard shrike (47 damage)
             ... with a shard of ice
             ... in an ice cave.
             The game lasted 02:02:21 (40745 turns).

RepHenryClay the Spry (Djinni Fire Elementalist)   Turns: 40745, Time: 02:02:21

Health: -12/138    AC:  9    Str:  9    XL:     19   Next: 16%
Gold:   1392       EV: 31    Int: 30    God:    Makhleb [******] SH:  0 Dex: 25

rFire   + + +      SeeInvis .   a - +10 quarterstaff "Xaguaw" {venom, rElec rPois Int+7}
rCold   + + .      Faith    .   (shield currently unavailable)
rNeg    + . .      Spirit   .   W - +2 robe "Apriat" {rElec rC+ rCorr}
rPois   ∞          Reflect  .   l - +1 helmet of Vemur {Str+2}
rElec   +          Harm     .   X - scarf {rC+ rF+}
rCorr   +          Rampage  .   q - +2 pair of gloves {Dex+3}
Will    ++...                   (boots unavailable)
Stlth   ++........              w - amulet of regeneration
HPRegen 1.13/turn               Y - ring of Okocrax {rN+ Will+ Dex+6}
MPRegen 0.00/turn               A - ring of protection from cold

@: about to teleport, frozen, flying, very slow
A: sickness immunity, fire resistance 2, cold vulnerability 1, float, innate
caster, HP casting, extra vitality 1
a: Renounce Religion, Minor Destruction, Lesser Servant of Makhleb, Major
Destruction, Greater Servant of Makhleb


You were in an ice cave.
You worshipped Makhleb.
Makhleb was exalted by your worship.
You visited 5 branches of the dungeon, and saw 27 of its levels.
You also visited: Bailey and Ice Cave.

You collected 3412 gold pieces.
You spent 2020 gold pieces at shops.

Inventory:

Hand Weapons
 a - the +10 quarterstaff "Xaguaw" (weapon) {venom, rElec rPois Int+7}
   (You bought it in a shop on level 2 of the Orcish Mines)

   It poisons the flesh of those it strikes.
   Int:       It affects your intelligence (+7).
   rElec:     It insulates you from electricity.
   rPois:     It protects you from poison.
 i - the +8 dagger of the Unspeakable One {vorpal, rC+ Str+3 Int+4}
   (You took it off a deep elf zephyrmancer on level 10 of the Dungeon)

   It inflicts extra damage upon your enemies.
   Str:       It affects your strength (+3).
   Int:       It affects your intelligence (+4).
   rC:        It protects you from cold.
 n - the +9 war axe of Amaup {vorpal, +Blink rF+++ Will- Stlth+}
   (You found it on level 1 of the Lair of Beasts)

   It inflicts extra damage upon your enemies.
   rF:        It renders you almost immune to fire.
   +Blink:    It lets you blink.
   Will:      It decreases your willpower.
   Stlth:     It makes you more stealthy.
Missiles
 m - 8 curare-tipped darts (quivered)
Armour
 c - a +0 buckler of cold resistance
 l - the +1 helmet of Vemur (worn) {Str+2}
   (You found it on level 7 of the Dungeon)

   Str:       It affects your strength (+2).
 q - a +2 pair of gloves of dexterity (worn)
 M - a +0 tower shield of cold resistance
 W - the +2 robe "Apriat" (worn) {rElec rC+ rCorr}
   (You found it on level 10 of the Dungeon)

   rC:        It protects you from cold.
   rElec:     It insulates you from electricity.
   rCorr:     It protects you from acid and corrosion.
 X - a scarf of resistance (worn)
Magical Staves
 e - a staff of cold
 K - a staff of fire
Jewellery
 d - an amulet of reflection
 g - a ring of protection from fire
 w - an amulet of regeneration (around neck)
 y - a ring of willpower
 A - a ring of protection from cold (right hand)
 I - a ring of resist corrosion
 J - a ring of positive energy
 L - a +4 ring of slaying
 N - a +4 ring of protection
 Q - a ring of protection from cold
 V - an amulet of faith
 Y - the ring of Okocrax (left hand) {rN+ Will+ Dex+6}
   (You bought it in a shop on level 8 of the Dungeon)

   [ring of dexterity]

   Dex:       It affects your dexterity (+6).
   rN:        It protects you from negative energy.
   Will:      It increases your willpower.
 Z - the ring of Gifamergh {Fire *Corrode rElec Int+6}
   (You found it on level 1 of the Lair of Beasts)

   [ring of fire]

   It enhances your fire magic.
   Int:       It affects your intelligence (+6).
   rF:        It protects you from fire.
   rC:        It makes you vulnerable to cold.
   rElec:     It insulates you from electricity.
   *Corrode:  It may corrode you when you take damage.
Wands
 h - a wand of mindburst (19)
 k - a wand of acid (4)
 B - a wand of iceblast (26)
 H - a wand of charming (17)
 R - a wand of paralysis (17)
Scrolls
 o - 3 scrolls of immolation
 p - a scroll of teleportation
 s - a scroll of holy word
 D - 2 scrolls of enchant armour
 E - 7 scrolls of enchant weapon
 F - 4 scrolls of summoning
 G - 2 scrolls of magic mapping
 O - 4 scrolls of fear
 P - 3 scrolls of fog
 S - a scroll of brand weapon
 U - 3 scrolls of blinking
Potions
 b - 4 potions of might
 f - 4 potions of mutation
 j - 6 potions of curing
 r - 2 potions of heal wounds
 t - a potion of cancellation
 u - 4 potions of attraction
 v - 2 potions of resistance
 x - 2 potions of brilliance
 z - a potion of invisibility
 C - 9 potions of ambrosia
Miscellaneous
 T - a lightning rod (4/4)


   Skills:
 + Level 13.2 Fighting
 - Level 11.8 Staves
 * Level 19.8 Dodging
 - Level 1.5 Stealth
 - Level 1.6 Shields
 - Level 16.9 Spellcasting
 - Level 6.0 Evocations


You couldn't memorise any spells.
You knew the following spells:

 Your Spells              Type           Power      Damage    Failure   Level
a - Foxfire               Conj/Fire      100%       2x1d9     0%          1
b - Scorch                Fire           100%       2d10      0%          2
c - Conjure Flame         Conj/Fire      91%        6-21      0%          3
d - Inner Flame           Hex/Fire       91%        N/A       0%          3
e - Flame Wave            Conj/Fire      91%        2d15      0%          4
f - Shock                 Conj/Air       100%       1d9       0%          1
g - Summon Hydra          Summ           45%        N/A       1%          7
h - Portal Projectile     Hex/Tloc       100%       N/A       0%          3
i - Olgreb's Toxic Radia  Pois           91%        N/A       0%          4
j - Yara's Violent Unrav  Hex/Tmut       45%        3d18      1%          5
k - Freezing Cloud        Conj/Ice/Air   45%        6-21      1%          5
l - Simulacrum            Ice/Necr       45%        N/A       1%          6
m - Haunt                 Necr/Summ      45%        N/A       1%          7
Q - Blink                 Tloc           100%       N/A       0%          2
Your spell library was empty.

Dungeon Overview and Level Annotations

Branches:
Dungeon (15/15)            Temple (1/1) D:5            Lair (6/6) D:9
 Shoals (3/4) Lair:4        Snake (0/4) Lair:2        Slime (0/5) Lair:6
    Orc (2/2) D:11            Elf (0/3) Orc:2        Vaults (0/5) D:14
 Depths (0/4) D:15         Bailey (visited)           IceCv (1/1)

Altars:
Ashenzari
Cheibriados
Dithmenos
Elyvilon
Fedhas
Gozag
Hepliaklqana
Kikubaaqudgha
Makhleb
Qazlal
Ru
Sif Muna
Trog
Uskayaw
Vehumet
Yredelemnul
Zin
Beogh

Shops:
D:5 :   D:8 =   D:12 *   D:15 ?   Orc:2 ([*:   Shoals:2 [

Annotations:
D:10 1 runed translucent door, browni3141's ghost, journeyman MiBe


Innate Abilities, Weirdness & Mutations

You are immune to sickness and miasma.
You are immune to poison.
Your flesh is very heat resistant. (rF++)
You are vulnerable to cold. (rC-)
You float through the air rather than walking.
You learn spells naturally, not from books.
Your magical power is your life essence.
You have superior vitality. (+4 MHP)


Message History

The ironbound frostheart is engulfed in freezing vapours. x2
The white ugly thing is engulfed in freezing vapours.
The rime drake barely misses your eight-headed hydra.
The ironbound frostheart touches your eight-headed hydra!!
The ironbound frostheart freezes your eight-headed hydra!!
Your eight-headed hydra bites the ironbound frostheart!
Your eight-headed hydra bites the ironbound frostheart.
Your eight-headed hydra bites the ironbound frostheart!
Your eight-headed hydra bites the ironbound frostheart but does no damage.
Your eight-headed hydra barely misses the ironbound frostheart.
Your eight-headed hydra bites the ironbound frostheart. x2
Your eight-headed hydra completely misses the ironbound frostheart.
The ironbound frostheart calls freezing cold from the walls.
The frost grips you!! You partially resist.
* * * LOW HITPOINT WARNING * * *
The frost grips your eight-headed hydra!!!
Your eight-headed hydra dies!
Your eight-headed hydra's corpse disappears in a puff of smoke!
The polar bear is engulfed in freezing vapours.
The ironbound frostheart is engulfed in freezing vapours.
Huge Dmg: -17%(-24hp) hp: 24%(32hp) Blink to where?
Press: ? - help, Dir - move target
As you read the scroll of blinking, it crumbles to dust.
Makhleb accepts your kill.
You feel a bit more experienced.
Press: ? - help, v - describe, . - travel
Here: a shard shrike (lightly wounded, very poisoned)
The floor.
Unknown command.
Unknown command.
Press: ? - help, v - describe, . - travel
Here: a shard shrike (lightly wounded, very poisoned)
The floor.
Unknown command.
As you read the scroll of teleportation, it crumbles to dust.
You feel strangely unstable.
The shard shrike spits a shard of ice at you.
The shard of ice hits you!!! You partially resist.
You die...

#pp# #.#.###...#
#bk##....###..#
#p.k.#≈##≈#..#
##.##b≈#≈≈##.#
###≈≈≈≈≈≈##.#
##≈≈≈≈≈≈#†##
#≈≈≈≈≈≈≈#†#
#≈≈≈≈≈≈≈[##
#≈≈≈≈≈≈≈@##
##≈≈≈≈≈#≈≈#
###≈≈≈###≈##
#.#### ##≈#
####...# ##.#
#.#.#..## #.##
##..##.#.# ###.#
#...####.###...#
##.#######.###..#


You could see a shard shrike (very poisoned, catching breath) and a rime drake
(very poisoned).

Vanquished Creatures
  A kraken (Shoals:2)
  A sphinx (D:12)
  An orc warlord (Orc:2)
  2 stone giants (D:10)
  A vampire knight (D:12)
  Snorg (D:14)
  A white draconian (IceCv)
  A fire dragon (Lair:6)
  A merfolk impaler (Shoals:1)
  A yaktaur captain (D:10)
  Josephine (D:15)
  Fannar (Lair:1)
  Erolcha (D:9)
  3 rakshasas
  8 vault guards (D:14)
  6 boulder beetles
  2 catoblepae
  A merfolk avatar (Shoals:1)
  Erica (D:9)
  5 centaur warriors
  10 hydras
  An anaconda (shapeshifter) (D:15)
  An anaconda (Lair:6)
  4 ironbound frosthearts (IceCv)
  2 alligator snapping turtles (Shoals:2)
  4 death knights
  10 death yaks
  9 two-headed ogres
  3 tengu warriors
  3 orc high priests (Orc:2)
  The ghost of badtown22 the Cutter, a journeyman VSFi of Uskayaw (Lair:1)
  3 deep elf knights (D:10)
  The ghost of Hubris850 the Carver, a novice GnCA of Ignis (D:7)
  A shadow wraith (D:10)
  A fire crab (Lair:6)
  8 sea snakes
  A glowing orange brain (D:15)
  A deep elf archer (D:10)
  4 lindwurms
  A deep troll (D:10)
  Pikel (D:5)
  A wizard (D:12)
  2 harpies (Shoals:2)
  A deep elf zephyrmancer (D:10)
  7 orc knights
  A faun (shapeshifter) (D:11)
  A wolf spider (Lair:6)
  9 fauns
  5 cyclopes
  11 ugly things
  3 deep elf pyromancers
  8 manticores
  4 orc sorcerers (Orc:2)
  6 oklob plants
  A moth of wrath (D:7)
  9 merfolk sirens
  3 black mambas
  Maurice (Orc:2)
  Joseph (D:7)
  A water nymph (Shoals:1)
  5 torpor snails (Lair:6)
  3 centaur zombies
  A gargoyle (D:12)
  Maggie (D:10)
  30 rime drakes
  11 komodo dragons
  11 cane toads
  A yaktaur (D:10)
  A tengu conjurer (D:15)
  10 merfolk
  7 trolls
  18 slime creatures
  11 hornets
  27 polar bears
  6 meliai
  2 queen bees
  3 tyrant leeches (Lair:6)
  2 wind drakes (Shoals:2)
  Grinder (D:6)
  4 raiju (Lair:6)
  2 dream sheep (Shoals:2)
  29 blink frogs
  A shadow (D:12)
  2 snapping turtles
  A vampire (D:13)
  Sigmund (D:5)
  10 wyverns
  3 wraiths (D:15)
  44 yaks
  Eustachio (D:5)
  14 basilisks
  Grum (D:9)
  A redback (D:10)
  6 vampire mosquitoes
  A steam dragon (D:8)
  Edmund (D:5)
  5 nagas (Lair:2)
  6 wargs (Lair:6)
  3 acid dragons
  11 hell hounds (Lair:6)
  15 water moccasins
  Duvessa (D:7)
  45 orc warriors
  15 black bears
  3 ice beasts
  8 ogres
  27 wolves
  13 centaurs
  4 lemures (D:4)
  A kobold brigand (D:9)
  7 gnoll sergeants
  13 bullfrogs
  2 scorpions
  Dowan (D:7)
  2 water moccasin skeletons
  A blink frog simulacrum (Lair:1)
  69 killer bees
  3 wights (D:7)
  6 electric eels
  3 howler monkeys
  2 jellies (D:7)
  3 hounds
  3 lava snakes (Lair:5)
  29 orc priests
  2 centaur skeletons
  A water moccasin simulacrum (Lair:1)
  A bullfrog skeleton (D:3)
  35 orc wizards
  4 iguanas
  A scorpion zombie (D:5)
  3 hell rats (Lair:4)
  A yak simulacrum (Lair:1)
  2 killer bee zombies
  2 bullfrog simulacra (Lair:1)
  A hound skeleton (D:5)
  3 howler monkey zombies
  A howler monkey skeleton (D:7)
  11 adders
  16 gnolls
  2 shadow imps
  2 white imps (D:6)
  3 ufetubi
  A worm (D:2)
  2 dart slugs
  131 orcs
  11 ball pythons
  5 bats
  2 endoplasms (D:4)
  9 goblins
  5 hobgoblins
  3 quokkas
  3 frilled lizards
  12 kobolds
  3 rats
  A butterfly (Lair:4)
1038 creatures vanquished.

Vanquished Creatures (collateral kills)
  Rupert (D:15)
  Jorgrun (D:13)
  Donald (Shoals:1)
  2 rakshasas
  A boulder beetle (D:13)
  A hydra (Lair:6)
  A satyr (Shoals:2)
  A catoblepas (Lair:6)
  A centaur warrior (D:14)
  Sonja (D:13)
  An orange crystal statue (IceCv)
  2 ugly things (IceCv)
  A harpy (Shoals:2)
  2 cyclopes (D:13)
  2 manticores
  2 ice statues (Shoals:3)
  A gargoyle (D:14)
  A cane toad (Lair:6)
  3 rime drakes (IceCv)
  2 merfolk (Shoals:2)
  A troll (D:14)
  A wind drake (Shoals:1)
  A polar bear (IceCv)
  A vampire mosquito (D:10)
  An orc priest (D:13)
  An orc (D:13)
34 creatures vanquished.

Vanquished Creatures (others)
  A shadow (D:10)
  A howler monkey (D:10)
  An orc wizard (Orc:2)
  898 foxfires
  28 fungi
  89 plants
  24 tentacles (Shoals:2)
1042 creatures vanquished.

Grand Total: 2114 creatures vanquished

Notes
Turn   | Place    | Note
-------+----------+-------------------------------------------
     0 | D:1      | RepHenryClay the Djinni Fire Elementalist began the quest
                  | for the Orb.
     0 | D:1      | Reached XP level 1. HP: 15/15 MP: 0/0
   336 | D:1      | Found a faded altar of an unknown god.
   349 | D:1      | Reached XP level 2. HP: 17/21 MP: 0/0
  1254 | D:2      | Identified the +1 leather armour of the Garden {rF- Will+
                  | Stlth+}
  1260 | D:2      | Reached skill level 3 in Dodging
  1260 | D:2      | Reached XP level 3. HP: 20/25 MP: 0/0
  1260 | D:2      | Learned a level 1 spell: Shock
  2131 | D:2      | Reached XP level 4. HP: 20/31 MP: 0/0
  2875 | D:2      | Reached skill level 4 in Dodging
  2875 | D:2      | Reached XP level 5. HP: 31/35 MP: 0/0
  2875 | D:2      | Learned a level 2 spell: Blink
  4051 | D:4      | Reached skill level 5 in Dodging
  4051 | D:4      | Reached XP level 6. HP: 30/40 MP: 0/0
  4627 | D:4      | Noticed an ice beast
  4634 | D:4      | Killed an ice beast
  4635 | D:4      | Reached XP level 7. HP: 38/45 MP: 0/0
  4635 | D:4      | Learned a level 3 spell: Portal Projectile
  5185 | D:4      | Reached skill level 5 in Spellcasting
  5272 | D:5      | Entered Level 5 of the Dungeon
  5479 | D:5      | Noticed Pikel
  6037 | D:5      | Found Sefeleonn's Book Shop.
  6265 | D:5      | Noticed Eustachio
  6291 | D:5      | Killed Eustachio
  6292 | D:5      | Reached XP level 8. HP: 31/50 MP: 0/0
  6505 | D:5      | Noticed Sigmund
  6761 | D:5      | Noticed Edmund
  6775 | D:5      | Killed Edmund
  6956 | D:5      | Killed Pikel
  6957 | D:5      | Reached XP level 9. HP: 48/55 MP: 0/0
  6957 | D:5      | Learned a level 4 spell: Olgreb's Toxic Radiance
  7090 | D:5      | Found a staircase to the Ecumenical Temple.
  7108 | Temple   | Entered the Ecumenical Temple
  7224 | Temple   | Became a worshipper of Makhleb the Destroyer
  7358 | D:5      | Killed Sigmund
  8941 | D:6      | Noticed Grinder
  9015 | D:7      | Noticed Dowan
  9021 | D:7      | Noticed Duvessa
  9023 | D:7      | Killed Dowan
  9024 | D:7      | Reached skill level 6 in Dodging
  9041 | D:7      | Killed Duvessa
  9216 | D:7      | Reached XP level 10. HP: 55/60 MP: 0/0
  9220 | D:7      | Reached * piety under Makhleb
  9427 | D:7      | Found a transporter.
  9431 | D:7      | Noticed Hubris850's ghost (novice GnCA)
  9431 | D:7      | Noticed a moth of wrath
  9451 | D:7      | Noticed Joseph
  9485 | D:7      | Found a transporter.
  9486 | D:7      | Found a glowing silver altar of Zin.
 10186 | D:8      | Found Coablif's Jewellery Emporium.
 10201 | D:8      | Reached skill level 7 in Dodging
 10202 | D:8      | Reached skill level 10 in Spellcasting
 10305 | D:8      | Bought a ring of protection from cold for 250 gold pieces
 11109 | D:8      | Reached skill level 8 in Dodging
 12022 | D:8      | Reached XP level 11. HP: 64/65 MP: 0/0
 12022 | D:8      | Learned a level 5 spell: Yara's Violent Unravelling
 12063 | D:9      | Noticed a two-headed ogre
 12077 | D:9      | Killed a two-headed ogre
 12078 | D:9      | Reached skill level 9 in Dodging
 12495 | D:9      | Noticed Erica
 12502 | D:9      | Killed Erica
 12502 | D:9      | Reached ** piety under Makhleb
 12575 | D:9      | Noticed Erolcha
 12580 | D:9      | Killed Erolcha
 13218 | D:9      | Noticed Grum
 13251 | D:9      | Found a staircase to the Lair.
 13723 | D:9      | Noticed a two-headed ogre
 13730 | D:9      | Killed a two-headed ogre
 13731 | D:9      | Reached skill level 10 in Dodging
 13743 | D:9      | Reached *** piety under Makhleb
 14564 | D:9      | Killed Grum
 14796 | D:9      | Noticed a two-headed ogre
 14810 | D:9      | Killed a two-headed ogre
 14811 | D:9      | Reached XP level 12. HP: 38/70 MP: 0/0
 15353 | D:10     | Entered Level 10 of the Dungeon
 15493 | D:10     | Found a runed translucent door.
 15493 | D:10     | Noticed browni3141's ghost (journeyman MiBe)
 15559 | D:10     | Found a flagged portal.
 15568 | Bailey   | Entered a bailey
 15626 | Bailey   | Reached **** piety under Makhleb
 15931 | Bailey   | Reached skill level 11 in Dodging
 16195 | Bailey   | Acquired a manual of Staves
 16351 | D:10     | Noticed a centaur warrior
 16356 | D:10     | Noticed a stone giant
 16357 | D:10     | Noticed a yaktaur captain
 16363 | D:10     | Reached skill level 14 in Dodging
 16363 | D:10     | Reached XP level 13. HP: 29/75 MP: 0/0
 16363 | D:10     | Learned a level 5 spell: Freezing Cloud
 16367 | D:10     | Killed a centaur warrior
 16371 | D:10     | Killed a yaktaur captain
 16655 | Lair:1   | Entered Level 1 of the Lair of Beasts
 17371 | D:6      | Paralysed by Grinder for 4 turns
 17378 | D:6      | Killed Grinder
 17633 | D:7      | Killed Joseph
 18238 | Lair:1   | Identified the +9 war axe of Amaup {vorpal, +Blink rF+++
                  | Will- Stlth+}
 18355 | Lair:1   | Noticed badtown22's ghost (journeyman VSFi)
 18384 | Lair:1   | Found a runed translucent gate.
 18384 | Lair:1   | Found a runed translucent gate.
 18384 | Lair:1   | Found a runed translucent gate.
 18394 | Lair:1   | Noticed Fannar
 18405 | Lair:1   | Killed Fannar
 18406 | Lair:1   | Reached skill level 1 in Fighting
 18406 | Lair:1   | Reached skill level 1 in Staves
 18406 | Lair:1   | Reached skill level 1 in Evocations
 19059 | Lair:2   | Reached ***** piety under Makhleb
 19060 | Lair:2   | Reached XP level 14. HP: 85/85 MP: 0/0
 20059 | Lair:2   | Found a staircase to the Snake Pit.
 20238 | Lair:3   | Reached skill level 5 in Staves
 20421 | Lair:3   | You are sucked into a shaft and drop 3 floors!
 20421 | Lair:6   | Entered Level 6 of the Lair of Beasts
 21122 | Lair:4   | Reached skill level 5 in Fighting
 21122 | Lair:4   | Reached skill level 5 in Evocations
 21870 | Lair:4   | Found a white marble altar of Elyvilon.
 22050 | Lair:4   | Found a staircase to the Shoals.
 22748 | Lair:4   | Reached skill level 10 in Staves
 22749 | Lair:4   | Reached XP level 15. HP: 98/98 MP: 0/0
 22749 | Lair:4   | Learned a level 6 spell: Simulacrum
 22762 | Lair:4   | Reached ****** piety under Makhleb
 24106 | Lair:6   | Reached skill level 15 in Dodging
 24707 | Lair:6   | Found a staircase to the Slime Pits.
 24924 | Lair:6   | Found a runed translucent door.
 26077 | Lair:6   | Reached XP level 16. HP: 55/103 MP: 0/0
 26084 | Lair:6   | Reached skill level 15 in Spellcasting
 26462 | Lair:6   | Reached skill level 16 in Dodging
 28304 | D:7      | Killed Hubris850's ghost
 28404 | D:7      | Identified the +1 helmet of Vemur {Str+2}
 28806 | D:10     | Noticed Maggie
 28810 | D:10     | Identified the +8 dagger of the Unspeakable One {vorpal,
                  | rC+ Str+3 Int+4}
 28814 | D:10     | Killed Maggie
 29206 | D:10     | Identified the +2 robe "Apriat" {rElec rC+ rCorr}
 29743 | D:11     | Found a staircase to the Orcish Mines.
 30381 | Orc:1    | Entered Level 1 of the Orcish Mines
 30723 | Orc:2    | Entered Level 2 of the Orcish Mines
 30723 | Orc:2    | Noticed Maurice
 30728 | Orc:2    | Killed Maurice
 30916 | Orc:2    | Found a staircase to the Elven Halls.
 30970 | Orc:2    | Reached skill level 17 in Dodging
 31261 | Orc:2    | Reached XP level 17. HP: 69/109 MP: 0/0
 31261 | Orc:2    | Learned a level 7 spell: Haunt
 31359 | Orc:2    | Reached skill level 1 in Shields
 31395 | Orc:2    | Found Ruge's General Store.
 31396 | Orc:2    | Found Vacziasek's Book Boutique.
 31398 | Orc:2    | Found Rusoelobb's Antique Armour Shop.
 31398 | Orc:2    | Found Pubuirism's Antique Weapon Shop.
 31426 | Orc:2    | Bought a scroll of identify for 34 gold pieces
 31434 | Orc:2    | Bought a runed scarf for 192 gold pieces
 31839 | D:8      | Bought the ring of Okocrax {rN+ Will+ Dex+6} for 753 gold
                  | pieces
 32491 | D:12     | Found Nopapp's General Store.
 32496 | D:12     | Bought a potion of heal wounds for 60 gold pieces
 32496 | D:12     | Bought a scroll of blinking for 90 gold pieces
 32553 | D:12     | Noticed a sphinx
 32560 | D:12     | Killed a sphinx
 33728 | Lair:1   | Killed badtown22's ghost
 33747 | Lair:1   | Got the ring of Gifamergh {Fire *Corrode rElec Int+6}
 34180 | Orc:2    | Bought a polished quarterstaff for 216 gold pieces
 34180 | Orc:2    | Identified the +10 quarterstaff "Xaguaw" {venom, rElec
                  | rPois Int+7} (You bought it in a shop on level 2 of the
                  | Orcish Mines)
 34355 | D:13     | Noticed Jorgrun
 34366 | D:13     | Killed Jorgrun
 34888 | D:13     | Found a sacrificial altar of Ru.
 34984 | D:13     | You are sucked into a shaft and drop 2 floors!
 34984 | D:15     | Entered Level 15 of the Dungeon
 35293 | D:13     | Noticed Sonja
 35302 | D:13     | Killed Sonja
 35588 | D:14     | Noticed Snorg
 35595 | D:14     | Killed Snorg
 35903 | D:14     | Found a gate to the Vaults.
 35910 | D:14     | Reached skill level 10 in Fighting
 35911 | D:14     | Reached XP level 18. HP: 122/125 MP: 0/0
 36821 | D:15     | Noticed Rupert
 36828 | D:15     | Killed Rupert
 36920 | D:15     | Noticed Josephine
 37041 | D:15     | Killed Josephine
 37101 | D:15     | Found Zocvoel's Magic Scroll Boutique.
 37110 | D:15     | Bought a scroll of teleportation for 42 gold pieces
 37110 | D:15     | Bought a scroll of teleportation for 42 gold pieces
 37380 | D:15     | Found a staircase to the Depths.
 37593 | Shoals:1 | Entered Level 1 of the Shoals
 37722 | Shoals:1 | Noticed Donald
 37735 | Shoals:1 | Killed Donald
 37877 | Shoals:1 | Reached skill level 18 in Dodging
 39269 | Shoals:2 | Found Ynloarif's Antique Armour Boutique.
 39337 | Shoals:2 | Bought an embroidered cloak for 165 gold pieces
 39337 | Shoals:2 | Bought a runed scarf for 176 gold pieces
 39440 | Shoals:2 | Noticed a kraken
 39541 | Shoals:2 | Killed a kraken
 39838 | Shoals:3 | Reached skill level 19 in Dodging
 39949 | Shoals:3 | Found a frozen archway.
 39964 | IceCv    | Entered an ice cave
 40239 | IceCv    | Reached XP level 19. HP: 81/137 MP: 0/0
 40239 | IceCv    | Learned a level 7 spell: Summon Hydra
 40738 | IceCv    | Noticed a shard shrike
 40745 | IceCv    | Killed from afar by a shard shrike

Illustrated notes

Levels and vault maps discovered:
D:1:      sevenhm_arrival_forest_fort_small_4, layout_basic,
          nicolae_ecumenical_snake_handling,
          nicolae_concentric_dashed_squares_wild
D:2:      layout_loops_ring
D:3:      layout_loops_ring
D:4:      layout_gridville
D:5:      layout_basic, minmay_temple_entry_glassed_door, serial_shops,
          nicolae_shop_hallway_plus, grunt_ministairs_4, uniq_pikel,
          uniq_edmund, uniq_sigmund, uniq_eustachio, uniq_ijyb
D:6:      layout_basic, chequers_serial_rivers_micro_c, uniq_grinder
D:7:      layout_loops_ring, zin_academy, gammafunk_ghost_berserking_beasts,
          st_stairs_7, hangedman_abyss_or_decor_stabs, uniq_duvessa, uniq_joseph
D:8:      layout_loops_corners, serial_shops, nicolae_lakefront_shop
D:9:      layout_long_grid, minmay_lair_entry_grove, special_room
          [special_room_orc], uniq_grum, uniq_erolcha, uniq_erica
D:10:     layout_cave_pools, hellmonk_ghost_happy_afterlife, enter_bailey_8,
          chequers_avenue, chequers_decorated_corner, nicolae_rejected_hall,
          uniq_maggie
D:11:     layout_irregular_city, erik_orc_2
D:12:     regret_index_harrowing_hell_hive, layout_gridville, serial_shops,
          kennysheep_mini_moat
D:13:     layout_gridville, special_room [special_room_orc],
          nicolae_ru_path_of_blood, uniq_jorgrun, uniq_sonja
D:14:     layout_long_grid, erik_vaults_2, hangedman_decor_slide_cut, uniq_snorg
D:15:     gammafunk_enter_depths_forms, layout_loops_ring, serial_bayou_shore_a,
          serial_shops, shop, drop_trap, uniq_rupert, uniq_josephine
Temple:   mainiacjoe_temple_archimedes_tessellation
Lair:1:   layout_concentric_octagons, gammafunk_ghost_icy,
          minmay_stone_trees_medium, uniq_fannar
Lair:2:   layout_roguey, minmay_snake_entry_guardpost_medium, special_room
          [special_room_bee], infiniplex_staircase_pool, grunt_megastairs_3
Lair:3:   layout_roguey, grunt_megastairs_1
Lair:4:   layout_misc_corridors, elwin_shoals_entry_stream, special_room
          [special_room_mythical_zoo], basic_altar, st_stairs_4,
          nicolae_lair_lindhole, lemuel_fruit_fields
Lair:5:   layout_regular_city, nicolae_lair_liquid_snakes
Lair:6:   wormcave, layout_gridlike, hangedman_lair_caniforms_friends,
          minmay_slime_entry_oklob_enclosed
Shoals:1: layout_shoals, uniq_donald
Shoals:2: layout_shoals, serial_shops, nicolae_shop_overgrown_old_shop,
          nicolae_shoals_loop_pool
Shoals:3: layout_shoals, portal_ice_cave_entry_ice_statue_two,
          nicolae_shoals_so_close
Orc:1:    nicolae_orc_accident_3, layout_caves
Orc:2:    st_orc_congregation, layout_diamond_mine, uniq_maurice
IceCv:    ice_cave_caverns_02

Skill      XL: |  1  2  3  4  5  6  7  8  9 10 11 12 13 14 15 16 17 18 19 |
---------------+----------------------------------------------------------+-----
Dodging        | 3 4 5 6 8 10 14 15 17 19 | 19.8
Spellcasting   | 3 4 6 8 9 10 12 13 14 16 | 16.9
Fighting       | 2 6 10 12 13 | 13.2
Staves         | 2 10 11 | 11.8
Evocations     | 2 6 |  6.0
Shields        | 1 |  1.6
Stealth        | |  1.5

Action                   |  1- 3 |  4- 6 |  7- 9 | 10-12 | 13-15 | 16-18 | 19-21 || total
-------------------------+-------+-------+-------+-------+-------+-------+-------++-------
Melee: Unarmed           |     1 |       |       |       |       |       |       ||     1
       Staff             |       |       |       |    26 |     5 |    65 |       ||    96
       Punch             |       |       |       |       |       |     1 |       ||     1
       Quarterstaff      |       |       |       |       |       |   248 |    38 ||   286
Throw: Dart              |       |       |     3 |     1 |       |       |       ||     4
 Cast: Foxfire           |    75 |   104 |   177 |   147 |    27 |     3 |       ||   533
       Scorch            |       |     4 |    50 |   109 |   271 |   316 |       ||   750
       Shock             |       |       |     4 |     5 |     1 |     2 |       ||    12
       Blink             |       |       |     4 |     1 |       |     2 |       ||     7
       Flame Wave        |       |       |     3 |     1 |     8 |    13 |       ||    25
       Olgreb's Toxic Ra |       |       |     1 |    62 |    94 |   248 |     5 ||   410
       Freezing Cloud    |       |       |       |       |    31 |   109 |     2 ||   142
       Portal Projectile |       |       |       |       |     1 |     2 |       ||     3
       Simulacrum        |       |       |       |       |     3 |       |       ||     3
       Haunt             |       |       |       |       |       |    40 |       ||    40
       Summon Hydra      |       |       |       |       |       |       |    11 ||    11
Evoke: Wand              |       |       |     3 |     1 |     7 |     7 |       ||    18
  Use: Scroll            |       |       |     5 |    15 |     7 |     7 |     2 ||    36
       Potion            |       |       |     2 |     4 |     2 |     8 |       ||    16
Armor: Robe              |     3 |     1 |     9 |    13 |    25 |    80 |     7 ||   138
Dodge: Dodged            |    21 |    11 |    42 |   136 |   249 |   704 |    61 ||  1224
Block: Other             |       |       |       |       |    54 |    12 |       ||    66
       Reflection        |       |       |       |       |     2 |       |       ||     2
       Buckler           |       |       |       |       |       |    40 |       ||    40
